 Dungeon Crawl Stone Soup version 0.31.0-9-g3a7656b989 (webtiles) character file.

Game seed: 6803155032073477021

53 qw the Ducker (level 3, -2/18 HPs)
             Began as a Spriggan Hunter on Feb 2, 2024.
             Succumbed to a kobold's poison
             ... on level 2 of the Dungeon.
             The game lasted 00:00:03 (727 turns).

qw the Ducker (Spriggan Hunter)                      Turns: 727, Time: 00:00:03

Health: -2/18      AC:  2    Str:  7    XL:     3   Next: 64%
Magic:  4/4        EV: 21    Int: 10    God:
Gold:   34         SH:  0    Dex: 26    Spells: 2/2 levels left

rFire   . . .        a - +0 shortbow
rCold   . . .        (shield currently unavailable)
rNeg    . . .        c - +0 robe
rPois   .            (helmet restricted)
rElec   .            (no cloak)
rCorr   .            (gloves unavailable)
SInv    +            (boots unavailable)
Will    .....        (no amulet)
Stlth   ++           d - +6 ring of dexterity
HPRegen 0.23/turn    (no ring)
MPRegen 0.09/turn

%: no passive effects
@: lethally poisoned (-2 -> -10), slowed, quick
A: very small, no large weapons, unfitting armour, see invisible, speed 3
a: no special abilities


You were on level 2 of the Dungeon.
You visited 1 branch of the dungeon, and saw 2 of its levels.

You collected 34 gold pieces.


Innate Abilities, Weirdness & Mutations

You are very small and have problems with some larger weapons.
You are too small for most types of armour.
You have supernaturally acute eyesight. (SInv)
You cover ground extremely quickly. (Speed+++)


   Skills:
 - Level 1.5 Fighting
 - Level 4.3 Ranged Weapons
 + Level 4.9 Dodging
 - Level 1.5 Stealth


You had 2 spell levels left.
You didn't know any spells.
Your spell library was empty.

Inventory:

Hand Weapons
 a - a +0 shortbow (weapon)
Armour
 c - a +0 robe (worn)
Jewellery
 d - a +6 ring of dexterity (left hand)
Scrolls
 b - a scroll of fear {unknown}
Potions
 e - a potion of brilliance {unknown}
 f - a potion of heal wounds {unknown}

Dungeon Overview and Level Annotations

Branches:
Dungeon (2/15)

Altars:

Shops:
D:1 =

Annotations:
D:2 1 runed translucent door, Crazy Yiuf


Message History

The kobold shouts!
The arrow hits Natasha.
Natasha is lightly wounded.
A kobold comes into view. It is wielding a +2 dagger of venom.
Natasha mumbles some strange words.
You shoot an arrow. The arrow barely misses Natasha.
The arrow closely misses the kobold.
The arrow hits the kobold.
The kobold is moderately wounded.
You shoot an arrow. The arrow hits Natasha.
Natasha is moderately wounded.
Natasha stares at you and mumbles some strange words.
You feel yourself slow down.
You shoot an arrow. The arrow hits Natasha!
You kill Natasha!
Natasha growls in agony!
The cerulean imp disappears in a puff of smoke!
The kobold completely misses you.
You shoot an arrow. The arrow barely misses the kobold.
The arrow closely misses the kobold.
You shoot an arrow. The arrow hits the kobold.
The kobold is heavily wounded.
The kobold barely misses you. The kobold misses you.
The kobold hits you but does no damage.
You shoot an arrow.
The arrow hits the kobold but does no damage.
The kobold is heavily wounded.
The kobold misses you.
The kobold hits you with a +2 whip of freezing.
The kobold freezes you. The kobold misses you.
The kobold hits you with a +2 whip of freezing.
The kobold freezes you. The kobold barely misses you. x2
You shoot an arrow. The arrow barely misses the kobold.
The kobold completely misses you. x2; The kobold hits you but does no damage.
You are poisoned.
The kobold completely misses you. The kobold misses you.
The kobold hits you with a +2 whip of freezing.
The kobold freezes you.
You shoot an arrow. The arrow hits the kobold.
You kill the kobold!
You die...

.....# ... .....# #...#
#.. .....# #.g)# #.#
.....# ##### #.# ######
#.# ### ...####
########.# ~~~~ ##..#.#
#.#...##.# ..~~~
......###.#.....K#......
####....#.#.....@K......
####...#..#..)#......
##..#..#...# ..~~~
#..#..#...# ~~~~
#...###...# ###
##........# ####.....#
###...# #...#


You could see 2 kobolds.

Vanquished Creatures
  Natasha (D:2)
  6 endoplasms
  5 goblins (D:1)
  A hobgoblin (D:1)
  A quokka (D:1)
  5 ball pythons (D:1)
  4 kobolds
  5 rats
28 creatures vanquished.

Notes
Turn   | Place    | Note
-------+----------+-------------------------------------------
     0 | D:1      | qw the Spriggan Hunter began the quest for the Orb.
     0 | D:1      | Reached XP level 1. HP: 10/10 MP: 2/2
     0 | D:1      | 0 ||| qw: Version: 0.3-a-155-g5e7d8dd
     0 | D:1      | 0 ||| qw: Game counter: 1864
     0 | D:1      | 0 ||| qw: Melee chars always use a shield: true
     0 | D:1      | 0 ||| qw: God list: Okawaru
     0 | D:1      | 0 ||| qw: Allow faded altars: false
     0 | D:1      | 0 ||| qw: Do Orc after clearing Dungeon:15 true
     0 | D:1      | 0 ||| qw: Do second Lair branch before Depths: true
     0 | D:1      | 0 ||| qw: Lair rune preference: random
     0 | D:1      | 0 ||| qw: Goals: Normal
     0 | D:1      | 0 ||| PLANNING D:1-11
    21 | D:1      | Reached skill level 3 in Dodging
   121 | D:1      | Reached XP level 2. HP: 14/14 MP: 3/3
   375 | D:1      | Found Fovvacul's Jewellery Boutique.
   378 | D:1      | 378 ||| SHOPLISTING +6 ring of dexterity (396 gold, have
                  | 9).
   378 | D:1      | 378 ||| SHOPLISTING amulet of faith (440 gold, have 9).
   378 | D:1      | 378 ||| SHOPLISTING amulet of guardian spirit (330 gold,
                  | have 9).
   378 | D:1      | 378 ||| SHOPLISTING amulet of the acrobat (330 gold, have
                  | 9).
   378 | D:1      | 378 ||| SHOPLISTING ring of fire (275 gold, have 9).
   378 | D:1      | 378 ||| SHOPLISTING ring of positive energy (220 gold, have
                  | 9).
   486 | D:1      | 486 ||| UPGRADING to +6 ring of dexterity.
   487 | D:1      | 487 ||| DROPPING scroll of butterflies.
   538 | D:2      | 538 ||| STAIRDANCE
   587 | D:2      | Found a runed translucent door.
   588 | D:2      | Noticed Crazy Yiuf
   656 | D:2      | Reached XP level 3. HP: 18/18 MP: 4/4
   718 | D:2      | Noticed Natasha
   722 | D:2      | Killed Natasha
   726 | D:2      | HP: 2/18 [kobold/+2 whip of freezing (3)]
   727 | D:2      | Succumbed to a kobold's poison

Levels and vault maps discovered:
D:1:      wander_arrival_fairy_ring, layout_basic, serial_shops,
          nicolae_shop_tiny_real_fake_doors
D:2:      minmay_kobold_bridge, layout_basic, basic_altar,
          uniq_crazy_yiuf_cottage, uniq_sigmund, uniq_natasha

Skill      XL: |  1  2 |
---------------+-------+-----
Dodging        | 3 4 |  4.9
Fighting       | |  1.5
Ranged Weapons | |  4.3
Stealth        | |  1.5

Action                     || total
---------------------------++-------
   Fire: Shortbow          ||    72
 Armour: Robe              ||     8
  Dodge: Dodged            ||    30

Table legend:
 A = Non-vault XP
 B = Vault XP
 C = Vault XP percentage of total XP
 D = Non-vault monster count
 E = Vault monster count
 F = Vault count percentage of total count
                 A         B        C        D         E       F
            +---------+---------+-------+---------+---------+-------
      Total |      41 |      38 |  48.1 |      26 |       2 |   7.1
            +---------+---------+-------+---------+---------+-------
        D:1 |      37 |       0 |   0.0 |      23 |       0 |   0.0
        D:2 |       4 |      38 |  90.5 |       3 |       2 |  40.0
            +---------+---------+-------+---------+---------+-------
